 Dungeon Crawl Stone Soup version 0.24-a0-170-gd8427f5 (webtiles) character file.

Game seed: 16098035103867506151

37 emperorscorpion the Chopper (level 3, -1/51 HPs)
             Began as a Minotaur Berserker on Mar 12, 2019.
             Was a Follower of Trog.
             Succumbed to a kobold's poison
             ... on level 3 of the Dungeon.
             The game lasted 00:01:21 (164 turns).

emperorscorpion the Chopper (Minotaur Berserker)     Turns: 164, Time: 00:01:22

Health: -1/51      AC: 21    Str: 27    XL:     3   Next: 23%
Magic:  2/2        EV:  2    Int:  4    God:    Trog [*.....]
Gold:   16         SH:  0    Dex:  9    Spells: 2/2 levels left

rFire    . . .     SeeInvis .   a - +0 hand axe
rCold    . . .     Gourm    .   (no shield)
rNeg     + + +     Faith    .   (armour currently unavailable)
rPois    +         Spirit   .   (helmet currently unavailable)
rElec    .         Reflect  .   (cloak currently unavailable)
rCorr    .         Harm     .   (gloves currently unavailable)
MR       .....     NoTele   +   (boots currently unavailable)
Stlth    +.........             (no amulet)
HPRegen  0.17/turn              (no ring)
MPRegen  0.08/turn              (no ring)

@: mighty, lethally poisoned (-1 -> -35), tree-form, berserk cooldown, slowed,
very slow
A: (retaliatory headbutt)
a: Berserk, Renounce Religion


You were on level 3 of the Dungeon.
You worshipped Trog.
Trog was aware of your devotion.
You were not hungry.
You were a tree.
You visited 1 branch of the dungeon, and saw 4 of its levels.

You collected 16 gold pieces.

Inventory:

Hand Weapons
 a - a +0 hand axe (weapon)
Armour
 b - a +0 animal skin
 d - a +0 chain mail (melded)
Scrolls
 e - a scroll of blinking {unknown}
Comestibles
 c - 2 rations
 h - 4 chunks of flesh


   Skills:
 + Level 4.3 Fighting
 + Level 4.4 Axes
 + Level 2.6 Armour
 + Level 2.4 Dodging


You had 2 spell levels left.
You didn't know any spells.
Your spell library was empty.

Dungeon Overview and Level Annotations

Branches:
Dungeon (4/15)
 Temple: D:4-7

Altars:


Innate Abilities, Weirdness & Mutations

((You reflexively headbutt those who attack you in melee.))
((You have a pair of horns on your head.))


Message History

You feel very sick.
The kobold shoots a poisoned needle.
The poisoned needle hits you!
You are more poisoned.
You see here a poisoned needle.
You aren't carrying any items that you can evoke.
* * * LOW HITPOINT WARNING * * *
You feel very sick.
The kobold shoots a poisoned needle.
The poisoned needle barely misses you.
The kobold shoots a poisoned needle.
The poisoned needle hits you!
You are more poisoned.
You see here a poisoned needle.
It was a potion of lignification.
You turn into a tree.
Your +0 chain mail melds into your body.
Your roots penetrate the ground.
* * * LOW HITPOINT WARNING * * *
You feel very sick.
The kobold shoots a poisoned needle.
The poisoned needle hits you!
It was a potion of might.
You feel very mighty all of a sudden.
You die...

#.#
#.#
#.#
#(#
#(#
#(#
#(#
#(#
#♣#
#.#
#K#
#.#
#..
###


You could see a kobold.

Vanquished Creatures
  An orc wizard (D:4)
  An adder skeleton (D:4)
  2 orcs (D:4)
  A goblin (D:2)
  2 hobgoblins
  A kobold (D:1)
8 creatures vanquished.

Notes
Turn   | Place    | Note
-------+----------+-------------------------------------------
     0 | D:1      | emperorscorpion the Minotaur Berserker began the quest for
                  | the Orb.
     0 | D:1      | Reached XP level 1. HP: 19/19 MP: 0/0
   123 | D:3      | Noticed an orc wizard
   126 | D:4      | Noticed an orc wizard
   140 | D:4      | Reached XP level 2. HP: 16/27 MP: 1/1
   144 | D:4      | Reached XP level 3. HP: 22/34 MP: 2/2
   164 | D:3      | Succumbed to a kobold's poison

Levels and vault maps discovered:
D:1:      lightli_arrival_quake, layout_basic
D:2:      minmay_spotlight, layout_loops_corners,
          nicolae_overflow_crystal_walls, serial_aquarium,
          aquarium_bridge_straight [aquarium_subvault_bridge,
          aquarium_subvault_window, aquarium_subvault_bridge,
          aquarium_subvault_window], aquarium_window_1, aquarium_window_1,
          aquarium_view_2b, aquarium_view_2a, aquarium_pool_double
D:3:      layout_loops_ring, first_ration, uniq_ijyb
D:4:      layout_basic, grunt_gozag_breadcrumbs, grunt_decor_one_mirror

Skill      XL: |  1  2 |
---------------+-------+-----
Axes           | 4 |  4.4
Fighting       | 4 |  4.3
Armour         | |  2.6
Dodging        | |  2.4

Action                   || total
-------------------------++-------
Melee: Hand axe          ||    17
       Headbutt          ||     2
Invok: Berserk           ||     1
  Use: Potion            ||     2
Armor: Chain mail        ||     2
Dodge: Dodged            ||    10

Table legend:
 A = Non-vault XP
 B = Vault XP
 C = Vault XP percentage of total XP
 D = Non-vault monster count
 E = Vault monster count
 F = Vault count percentage of total count
                 A         B        C        D         E       F
            +---------+---------+-------+---------+---------+-------
      Total |      54 |       0 |   0.0 |       8 |       0 |   0.0
            +---------+---------+-------+---------+---------+-------
        D:1 |       4 |       0 |   0.0 |       2 |       0 |   0.0
        D:2 |       2 |       0 |   0.0 |       1 |       0 |   0.0
        D:4 |      48 |       0 |   0.0 |       5 |       0 |   0.0
            +---------+---------+-------+---------+---------+-------
